 Dungeon Crawl Stone Soup version 0.19-a0-1007-g133f65f (webtiles) character file.

132 mrath the Cudgeler (level 4, 0/39 HPs)
             Began as a Minotaur Fighter on July 20, 2016.
             Slain by a worm (6 damage)
             ... on level 2 of the Dungeon.
             The game lasted 00:04:46 (1358 turns).

mrath the Cudgeler (Minotaur Fighter)               Turns: 1358, Time: 00:04:47

Health: 0/39       AC:  6    Str: 21    XL:     4   Next: 92%
Magic:  3/3        EV:  7    Int:  5    God:
Gold:   106        SH:  9    Dex: 10    Spells: 0 memorised, 3 levels left

rFire  . . .     SeeInvis .     a - +0 flail
rCold  . . .     Gourm    .     b - +0 scale mail
rNeg   . . .     Faith    .     c - +0 shield
rPois  .         Spirit   .     (helmet restricted)
rElec  .         Dismiss  .     (no cloak)
rCorr  .         Reflect  .     (no gloves)
SustAt .         Harm     .     (no boots)
MR     .....                    (no amulet)
Stlth  ..........               (no ring)
                                (no ring)

@: lethally poisoned (0 -> -3), not resistant to hostile enchantments, extremely
unstealthy
A: retaliatory headbutt, horns 2
a: no special abilities


You were on level 2 of the Dungeon.
You were hungry.

You visited 1 branch of the dungeon, and saw 2 of its levels.

You collected 106 gold pieces.

Inventory:

Hand Weapons
 a - a +0 flail (weapon)
Missiles
 i - 12 stones (quivered)
 q - 7 poisoned needles
Armour
 b - a +0 scale mail (worn)
 c - a +0 shield (worn)
 u - a +0 plate armour
Jewellery
 k - a cursed -2 ring of intelligence {unknown}
Scrolls
 e - a scroll of immolation {unknown}
 l - a scroll of enchant weapon {unknown}
 m - 2 scrolls of teleportation {unknown}
 r - a scroll of remove curse {unknown}
 v - a scroll of amnesia {unknown}
 w - a scroll of noise {unknown}
Potions
 d - a potion of might
 j - 2 potions of agility {unknown}
 n - a potion of haste {unknown}
 o - a potion of lignification {unknown}
 t - a potion of brilliance {unknown}
Comestibles
 f - a bread ration
 g - a slice of pizza
 h - 2 fruits
 p - a chunk of flesh
 s - a meat ration


   Skills:
 - Level 3.6 Fighting
 + Level 6.2 Maces & Flails
 - Level 3.6 Armour
 - Level 3.6 Shields


You had 3 spell levels left.
You didn't know any spells.

Dungeon Overview and Level Annotations

Branches:
Dungeon (2/15)

Altars:


Innate Abilities, Weirdness & Mutations

You reflexively headbutt those who attack you in melee.
You have a pair of horns on your head.


Message History

You are feeling hungry.
The adder bites you but does no damage.
You feel sick.
You feel sick.
You hit the adder.
You kill the adder!
You feel sick. The worm closely misses you. You furiously retaliate!
You headbutt the worm, but do no damage.
You see here an adder corpse.
You hit the worm. You headbutt the worm.
The worm is lightly wounded.
The worm bites you!
* * * LOW HITPOINT WARNING * * *
You hit the worm. Your headbutt misses the worm.
The worm is moderately wounded.
You feel sick.
You barely miss the worm.
The worm is moderately wounded.
The worm bites you.
You die...

######### .. #######...@w..# #.#
#.......####''# #.#
#......##........# #.#.#
#......##.≈≈..≈≈.# #.#.#
#......##.≈⌠..⌠≈.###### #.#.#
#......##...=?...#....#
....###......##....$...#....#####
#.#...'.......#.≈⌠..⌠≈.#.........
#.#.###.......#.≈≈..≈≈!####......


You could see a worm.

Vanquished Creatures
  Ijyb (D:2)
  Jessica (D:2)
  4 adders (D:2)
  A worm (D:2)
  2 dart slugs
  2 giant geckos
  2 giant cockroaches
  3 hobgoblins
  5 kobolds
  A ball python (D:2)
  3 bats
  A giant newt (D:2)
  5 goblins
  12 rats
43 creatures vanquished.

Notes
Turn   | Place    | Note
-------+----------+-------------------------------------------
     0 | D:1      | mrath the Minotaur Fighter began the quest for the Orb.
     0 | D:1      | Reached XP level 1. HP: 19/19 MP: 0/0
    43 | D:1      | Reached skill level 3 in Maces & Flails
    76 | D:1      | Reached XP level 2. HP: 22/26 MP: 1/1
   626 | D:2      | Noticed Jessica
   628 | D:2      | Killed Jessica
   628 | D:2      | Reached skill level 4 in Maces & Flails
   628 | D:2      | Reached XP level 3. HP: 28/31 MP: 2/2
   659 | D:2      | Reached skill level 5 in Maces & Flails
   736 | D:2      | Noticed Ijyb
   748 | D:2      | Killed Ijyb
   748 | D:2      | Reached XP level 4. HP: 35/39 MP: 3/3
   977 | D:2      | Reached skill level 6 in Maces & Flails
  1358 | D:2      | Slain by a worm

Vault maps used:
D:1:      eino_arrival_water_star
D:2:      kennysheep_generic_room_5, uniq_jessica, uniq_iyjb

Skill      XL: |  1  2  3  4 |
---------------+-------------+-----
Maces & Flails | 3 4 5 6 |  6.2
Fighting       | |  3.6
Armour         | |  3.6
Shields        | |  3.6

Action                   |  1- 3 |  4- 6 || total
-------------------------+-------+-------++-------
Melee: Flail             |    53 |    43 ||    96
       Headbutt          |     7 |     8 ||    15
  Eat: Chunk             |       |     1 ||     1
Armor: Scale mail        |    12 |    14 ||    26
Dodge: Dodged            |    24 |     8 ||    32
Block: Shield            |    32 |    23 ||    55
